 Dungeon Crawl Stone Soup version 0.30-a0-845-g7c6808c8ce (webtiles) character file.

Game seed: 9476699839209165587

11735 freelancePsychic the Fighter (level 12, -1/102 HPs)
             Began as a Human Wanderer on Mar 2, 2023.
             Was an Elder of Ashenzari.
             Slain by a minotaur (27 damage)
             ... in a Gauntlet.
             The game lasted 00:25:14 (15149 turns).

freelancePsychic the Fighter (Human Wanderer)      Turns: 15149, Time: 00:25:15

Health: -1/102     AC: 15    Str:  9    XL:     12   Next: 11%
Magic:  3/29       EV: 17    Int: 17    God:    Ashenzari [****..]
Gold:   869        SH:  0    Dex: 20    Spells: 13/27 levels left

rFire   + + +      SeeInvis +    a - +1 short sword "Overhang to Understand" {Alch, Self} (curse)
rCold   . . .      Faith    +    (no shield)
rNeg    . . .      Spirit   .    f - +5 ring mail "Shattered Frustration" {rElec rF+ Dex+3, Fort, Elem} (curse)
rPois   +          Reflect  .    (no helmet)
rElec   +          Rampage  .    (no cloak)
rCorr   .          Clarity  +    h - +2 pair of gloves of the Tethered Visionary {Alch, Elem} (curse)
Will    +....      NoTele   +    x - +0 pair of boots of the Tethered God {Melee, Alch} (curse)
Stlth   ++++                     F
                                   - Hermit's Pendant {Faith Invo=14 Evo=0 MP+5, Comp, Fort} (curse)
HPRegen 0.37/turn                u - ring of Ouranomancy {EV+5, Elem, Comp} (curse)
MPRegen 0.21/turn                n - ring "Chagrin of Ashenzari" {Drain rPois rF++ Will+ Stlth+, Cun, Bglg} (curse)

@: very slightly contaminated, invisible
A: no striking features
a: Renounce Religion, Curse Item, Shatter the Chains


You were in a Gauntlet.
You worshipped Ashenzari.
Ashenzari was greatly pleased with you.
You visited 2 branches of the dungeon, and saw 12 of its levels.
You also visited: Gauntlet.

You collected 1025 gold pieces.
You spent 156 gold pieces at shops.

Inventory:

Hand Weapons
 a - the cursed +1 short sword "Overhang to Understand" (weapon) {Alch, Self}

   It has a curse which improves the following skills: Alchemy: Poison Magic and
   Transmutations.
   Introspection: Fighting and Spellcasting.
Missiles
 G - 2 throwing nets
Armour
 f - the cursed +5 ring mail "Shattered Frustration" (worn) {rElec rF+ Dex+3, Fort, Elem}
   (You found it on level 3 of the Dungeon)

   Dex:       It affects your dexterity (+3).
   rF:        It protects you from fire.
   rElec:     It insulates you from electricity.
   It has a curse which improves the following skills: Fortitude: Armour and
   Shields.
   Elements:  Fire Magic, Ice Magic, Air Magic and Earth Magic.
 h - the cursed +2 pair of gloves of the Tethered Visionary (worn) {Alch, Elem}
   (You found it on level 1 of the Dungeon)

   It has a curse which improves the following skills: Alchemy: Poison Magic and
   Transmutations.
   Elements:  Fire Magic, Ice Magic, Air Magic and Earth Magic.
 x - the cursed +0 pair of boots of the Tethered God (worn) {Melee, Alch}
   (You found it on level 4 of the Dungeon)

   It has a curse which improves the following skills: Melee Combat: Short
   Blades, Long Blades, Axes, Maces & Flails, Polearms, Staves and Unarmed
   Combat.
   Alchemy:   Poison Magic and Transmutations.
Jewellery
 n - the cursed ring "Chagrin of Ashenzari" (right hand) {Drain rPois rF++ Will+ Stlth+, Cun, Bglg}
   (You acquired it on level 11 of the Dungeon)

   [ring of willpower]

   rF:        It greatly protects you from fire.
   rPois:     It protects you from poison.
   Drain:     It drains your maximum health when unequipped.
   Will:      It increases your willpower.
   Stlth:     It makes you more stealthy.
   It has a curse which improves the following skills: Cunning: Dodging and
   Stealth.
   Beguiling: Conjurations, Hexes and Translocations.
 q - an amulet of guardian spirit
 u - the cursed ring of Ouranomancy (left hand) {EV+5, Elem, Comp}
   (You found it on level 3 of the Dungeon)

   [ring of evasion]

   EV:        It affects your evasion (+5).
   It has a curse which improves the following skills: Elements: Fire Magic, Ice
   Magic, Air Magic and Earth Magic.
   Companions: Summonings and Necromancy.
 F - the cursed Hermit's Pendant (around neck) {Faith Invo=14 Evo=0 MP+5, Comp, Fort}
   (You found it on level 7 of the Dungeon)

   [amulet of faith]

   Invo=14: It sets your Invocations skill to 14.
   Evo=0: It sets your Evocations skill to 0.
   It allows you to gain divine favour quickly.
   MP:        It affects your magic capacity (+5).
   It has a curse which improves the following skills: Companions: Summonings
   and Necromancy.
   Fortitude: Armour and Shields.
 H - an amulet of magic regeneration
 K - a ring of resist corrosion
Wands
 b - a wand of polymorph (9)
 o - a wand of light (3)
 A - a wand of charming (15)
 E - a wand of roots (12)
Scrolls
 c - 8 scrolls of teleportation {@r4}
 d - 2 scrolls of immolation
 k - 5 scrolls of blinking
 p - a scroll of vulnerability
 r - 2 scrolls of fog
 s - 10 scrolls of identify {@r1}
 t - 3 scrolls of amnesia
 w - a scroll of enchant weapon
 y - 3 scrolls of fear
 B - 2 scrolls of enchant armour
 I - a scroll of butterflies
 J - a scroll of magic mapping
Potions
 e - 6 potions of heal wounds {@q2}
 g - 3 potions of brilliance
 i - a potion of haste {@q3}
 j - 5 potions of flight
 l - 4 potions of mutation
 m - 4 potions of curing {@q1}
 v - 2 potions of berserk rage
 z - a potion of lignification
 C - a potion of invisibility
 D - 7 potions of might


   Skills:
 + Level 9.9(11.8) Fighting
 - Level 1.0(2.1) Short Blades
 - Level 3.4(6.0) Armour
 + Level 2.4(4.0) Dodging
 - Level 4.0(5.8) Stealth
 - Level 6.1(8.1) Spellcasting
 + Level 7.9(10.0) Conjurations
 - Level 6.5(10.4) Transmutations
 + Level 8.6(12.5) Earth Magic
 - Level 3.0(0.0) Evocations


You had 13 spell levels left.
You knew the following spells:

 Your Spells              Type           Power      Damage    Failure   Level
a - Sandblast             Erth           98%        2d20      1%          1
b - Stone Arrow           Conj/Erth      90%        3d12      1%          3
c - Lee's Rapid Deconstr  Erth           24%        3d13*     4%          5
h - Irradiate             Conj/Tmut      20%        3d18      11%         5

Your spell library contained the following spells:

 Spells                   Type           Power      Damage    Failure   Level
 Petrify                  Tmut/Erth      45%        N/A       2%          4
 Momentum Strike          Conj/Tloc      48%        3d9       4%          2
 Static Discharge         Conj/Air       48%        2-4/arc   4%          2
 Mephitic Cloud           Conj/Pois/Air  19%        N/A       17%         3
 Leda's Liquefaction      Hex/Erth       14%        N/A       19%         4
 Necrotise                Necr           32%        1d5       22%         1
 Cigotuvi's Dreadful Rot  Necr/Pois/Air  16%        N/A       30%         2
 Poisonous Vapours        Pois/Air       16%        N/A       30%         2
 Sublimation of Blood     Necr           8%         N/A       32%         2
 Blink                    Tloc           14%        N/A       34%         2
 Lesser Beckoning         Tloc           14%        N/A       34%         2
 Statue Form              Tmut/Erth      30%        N/A       34%         6
 Vampiric Draining        Necr           8%         2d6       54%         3
 Vhi's Electric Charge    Tloc/Air       16%        N/A       54%         3
 Yara's Violent Unravell  Hex/Tmut       12%        3d7       61%         5
 Arcjolt                  Conj/Air       12%        1d22      63%         5
 Lightning Bolt           Conj/Air       12%        1d25      63%         5
 Airstrike                Air            4%         2d(1-17)  90%         4
 Olgreb's Toxic Radiance  Pois           8%         N/A       90%         4
 Dispel Undead            Necr           8%         3d8       91%         4
 Summon Lightning Spire   Summ/Air       8%         N/A       91%         4
 Passage of Golubria      Tloc           7%         N/A       92%         4
 Agony                    Necr           8%         N/A       99%         5
 Silence                  Hex/Air        4%         N/A       99%         5
 Death Channel            Necr           4%         N/A       100%        6
 Enfeeble                 Hex            3%         N/A       100%        7
 Ozocubu's Refrigeration  Ice            4%         4d8       100%        7
 Ignition                 Fire           4%         3d4       100%        8
 Lehudib's Crystal Spear  Conj/Erth      22%        10d6      100%        8


Dungeon Overview and Level Annotations

Branches:
Dungeon (11/15)            Temple (0/1) D:7            Lair (1/5) D:9
    Orc (0/2) D:11        Gauntlet (1/1)

Altars:
Ashenzari
Cheibriados
Gozag
Kikubaaqudgha
Makhleb
Okawaru
Qazlal
Ru
Sif Muna
Trog
Xom
Zin
The Shining One

Shops:
D:5 !   D:10 =

Portals:
Abyss: Lair:1

Annotations:
D:4 Edmund, Grinder
D:6 1 runed translucent door, jr88keys's ghost, novice MiFi
D:9 1 runed translucent door, Nacht's ghost, journeyman NaEE
Lair:1 2 transporters, BubbleThief's ghost, novice MiFi Gauntlet 6 transporters, 3 runed translucent doors


Message History

Aiming: Lee's Rapid Deconstruction (dangerous; 4% risk of failure)
Press: ? - help, Dir - move target A crystal wall.
The crystal wall shatters!
The blast of crystal shards hits the minotaur!!
The minotaur is severely wounded.
The minotaur hits you! The minotaur misses you.
Casting: Lee's Rapid Deconstruction (dangerous; 4% risk of failure)
Confirm with . or Enter, or press ? or * to list all spells.
Aiming: Lee's Rapid Deconstruction (dangerous; 4% risk of failure)
Press: ? - help, Dir - move target A crystal wall.
The crystal wall shatters!
The blast of crystal shards hits the minotaur.
The minotaur is severely wounded.
The minotaur misses you.
The minotaur gores you but does no damage.
Casting: Lee's Rapid Deconstruction (dangerous; 4% risk of failure)
Confirm with . or Enter, or press ? or * to list all spells.
You don't have enough magic to cast this spell.
Unknown command.
Aiming: Bolt of Light
Press: ? - help, Shift-Dir - straight line The bolt of light hits the minotaur but does no damage.
The minotaur is severely wounded.
The minotaur is blinded.
The minotaur misses you. The minotaur gores you.
You hit the minotaur but do no damage.
The minotaur is severely wounded.
The minotaur misses you. The minotaur gores you!
You strike the helpless minotaur from behind!
You puncture the minotaur!
The minotaur is almost dead.
The minotaur closely misses you. The minotaur gores you!
* * * LOW HITPOINT WARNING * * *
Aiming: Bolt of Light
Press: ? - help, Shift-Dir - straight line The bolt of light hits the minotaur.
The minotaur is almost dead.
The minotaur hits you!!
You die...

*##. #...##≈.
##########.⌠.#≈≈.
####........#...##≈.
#....######.#.⌠.###.
#.####......#...##..
#.#....##.#.#.⌠.#...
#.#.#####.#.#...#.∩.
#.#@# , #.#.#.©.#...
#.#.H.∩.#.#.....#.⌠.
#.#.#⌠.⌠###.#.©.#...
#.#.#####,#.#...#.∩.
#.#.. ,#.#.⌠.#...
#.#### , #.#...##..
#....## #.#.⌠.###.
####..# , ..#...##≈.
#### *###.⌠.#≈≈.


You could see a minotaur (blind).

Vanquished Creatures
  A dire elephant (Gauntlet)
  2 two-headed ogres
  A sixfirhy (Gauntlet)
  An elephant (Gauntlet)
  An ice statue (Gauntlet)
  An unseen horror (D:11)
  A rime drake (Gauntlet)
  A kobold demonologist (D:10)
  A komodo dragon (D:11)
  A troll (D:9)
  A hornet (D:9)
  A shadow (D:10)
  A wraith (D:11)
  7 yaks
  2 wyverns (D:9)
  A basilisk (Lair:1)
  2 steam dragons
  6 vampire mosquitoes (D:10)
  2 wargs (D:11)
  Menkaure (D:7)
  2 water moccasins (Lair:1)
  4 orc warriors
  An ice beast (D:7)
  A sky beast (D:6)
  2 ogres (D:6)
  6 centaurs
  A phantom (D:5)
  2 kobold brigands
  7 bullfrogs
  A gnoll sergeant (D:10)
  3 scorpions
  13 wights
  6 killer bees (D:9)
  6 howler monkeys
  An electric eel (D:10)
  2 hounds
  3 jellies
  A gnoll bouda (D:8)
  2 orc priests
  3 sleepcaps
  An iguana (D:6)
  Natasha (thrice) (D:4)
  6 orc wizards
  10 gnolls
  5 adders
  A shadow imp (D:8)
  4 white imps
  2 ufetubi (Gauntlet)
  3 dart slugs
  14 orcs
  10 ball pythons
  9 bats
  13 endoplasms
  6 goblins
  8 hobgoblins
  3 jackals (D:4)
  4 quokkas
  5 frilled lizards
  A goblin skeleton (D:8)
  2 hobgoblin zombies (D:8)
  9 kobolds
  A kobold skeleton (D:8)
  A kobold zombie (D:8)
  An orc skeleton (D:8)
  6 rats
230 creatures vanquished.

Vanquished Creatures (others)
  A wight (D:6)
  8 fungi (D:9)
  9 plants (D:9)
18 creatures vanquished.

Grand Total: 248 creatures vanquished

Notes
Turn   | Place    | Note
-------+----------+-------------------------------------------
     0 | D:1      | freelancePsychic the Human Wanderer began the quest for the
                  | Orb.
     0 | D:1      | freelancePsychic set off with the following items: a +0
                  | short sword, a wand of polymorph (5), a scroll of
                  | butterflies, a +0 robe; and the following spell memorised:
                  | Sandblast; and the following spells available to memorise:
                  | Stone Arrow, Leda's Liquefaction.
     0 | D:1      | Reached XP level 1. HP: 15/15 MP: 3/3
   185 | D:1      | Reached skill level 1 in Stealth
   227 | D:1      | Reached XP level 2. HP: 21/21 MP: 3/5
   636 | D:1      | Found a faded altar of an unknown god.
   641 | D:1      | Reached XP level 3. HP: 26/26 MP: 2/6
  1161 | D:1      | Learned a level 3 spell: Stone Arrow
  1532 | D:2      | Reached XP level 4. HP: 19/32 MP: 2/7
  2079 | D:3      | Reached skill level 1 in Conjurations
  2403 | D:3      | Reached XP level 5. HP: 37/37 MP: 4/8
  2483 | D:3      | Found a broken altar of Ashenzari.
  2490 | D:3      | Became a worshipper of Ashenzari the Shackled
  2565 | D:3      | Identified the +5 ring mail of Devotion {rElec rF+ Dex+3}
  2576 | D:3      | Found a bloodstained altar of Trog.
  3278 | D:4      | Noticed Grinder
  3430 | D:4      | Found a sacrificial altar of Ru.
  3501 | D:4      | Reached XP level 6. HP: 43/43 MP: 4/9
  3630 | D:4      | Noticed Natasha
  3637 | D:4      | Killed Natasha
  3759 | D:4      | Noticed Edmund
  3919 | D:4      | Noticed Natasha
  3923 | D:4      | Killed Natasha
  4474 | D:4      | Noticed Natasha
  4475 | D:4      | Reached * piety under Ashenzari
  4479 | D:4      | Killed Natasha
  4557 | D:5      | Entered Level 5 of the Dungeon
  4608 | D:5      | Noticed an ogre
  4615 | D:5      | an ogre changed into a bullfrog
  4618 | D:5      | Reached skill level 5 in Earth Magic
  4770 | D:5      | Found Fuefaoxosmy's Distillery.
  4773 | D:5      | Bought a potion of invisibility for 104 gold pieces
  4773 | D:5      | Bought a potion of might for 52 gold pieces
  4872 | D:5      | Reached skill level 2 in Fighting
  4872 | D:5      | Reached XP level 7. HP: 51/51 MP: 6/10
  5136 | D:5      | Found a snail-covered altar of Cheibriados.
  5182 | D:5      | Reached ** piety under Ashenzari
  5779 | D:6      | Reached skill level 3 in Fighting
  5779 | D:6      | Reached XP level 8. HP: 47/60 MP: 5/12
  6176 | D:6      | Found an ancient bone altar of Kikubaaqudgha.
  6369 | D:6      | Reached skill level 4 in Fighting
  6539 | D:6      | Found a runed translucent door.
  6540 | D:6      | Noticed jr88keys's ghost (novice MiFi)
  6742 | D:6      | Reached skill level 5 in Conjurations
  7287 | D:7      | Found the Hermit's Pendant {Faith Invo=14 Evo=0 MP+5}
  7604 | D:7      | Noticed Menkaure
  7631 | D:6      | Reached *** piety under Ashenzari
  7705 | D:7      | Reached XP level 9. HP: 71/71 MP: 11/19
  7710 | D:6      | Reached skill level 5 in Fighting
  8003 | D:7      | Killed Menkaure
  8620 | D:7      | Found a staircase to the Ecumenical Temple.
  8689 | D:8      | Found an opulent altar of Gozag.
  8884 | D:8      | Found a stormy altar of Qazlal.
  8885 | D:8      | Found a glowing silver altar of Zin.
  8924 | D:8      | Reached **** piety under Ashenzari
  9069 | D:8      | Reached skill level 1 in Armour
  9069 | D:8      | Reached skill level 1 in Transmutations
  9072 | D:8      | Reached skill level 6 in Fighting
  9263 | D:8      | Found a glowing golden altar of the Shining One.
  9393 | D:8      | Found a shimmering blue altar of Sif Muna.
  9574 | D:8      | Found a shimmering altar of Xom.
  9796 | D:8      | Learned a level 5 spell: Irradiate
  9800 | D:9      | Noticed a two-headed ogre
  9990 | D:9      | Found an iron altar of Okawaru.
  9995 | D:9      | Reached XP level 10. HP: 82/82 MP: 20/20
 10159 | D:9      | Reached skill level 7 in Fighting
 10287 | D:9      | Found a runed translucent door.
 10293 | D:9      | Noticed Nacht's ghost (journeyman NaEE)
 10724 | D:9      | Identified the +1 leather armour of Xom's Indignation
                  | {Rampage}
 10724 | D:9      | Identified the +7 leather armour of Philately {Harm rCorr}
 10943 | D:9      | Found a burning altar of Makhleb.
 11071 | D:9      | Killed a two-headed ogre
 11166 | D:9      | Found a staircase to the Lair.
 11170 | D:9      | Reached skill level 5 in Transmutations
 11235 | D:9      | Identified the +2 ring mail "Iplaun" {Harm Dex+3}
 11368 | D:10     | Entered Level 10 of the Dungeon
 11368 | D:10     | Found Yniqidob's Jewellery Shoppe.
 11373 | D:10     | Reached skill level 8 in Fighting
 11376 | D:10     | Reached XP level 11. HP: 90/90 MP: 5/21
 11527 | D:10     | Reached skill level 5 in Spellcasting
 11884 | D:9      | Learned a level 5 spell: Lee's Rapid Deconstruction
 12534 | D:10     | Reached skill level 9 in Fighting
 12793 | D:11     | Noticed a two-headed ogre
 12946 | D:11     | Identified a scroll of acquirement
 12963 | D:11     | Identified the +2 leather armour of Zin's Grace {rCorr MP+9
                  | Int-3 Dex+7}
 12972 | D:11     | Acquired the ring of Interdependent Arising {Drain rPois
                  | rF++ Will+ Stlth+}
 13446 | D:11     | Found a staircase to the Orcish Mines.
 13460 | D:11     | Killed a two-headed ogre
 14130 | Lair:1   | Entered Level 1 of the Lair of Beasts
 14183 | Lair:1   | Noticed a brown ugly thing
 14193 | Lair:1   | Found a transporter.
 14201 | Lair:1   | Found a transporter.
 14203 | Lair:1   | Noticed a white ugly thing
 14204 | Lair:1   | Found a one-way gate to the infinite horrors of the Abyss.
 14204 | Lair:1   | Noticed BubbleThief's ghost (novice MiFi)
 14219 | Lair:1   | Identified the +10 war axe of Deruec {antimagic, Fragile
                  | rC+ Dex+6}
 14326 | Lair:1   | Found a gate leading to a gauntlet.
 14334 | Gauntlet | Entered a Gauntlet
 14334 | Gauntlet | Found a transporter.
 14334 | Gauntlet | Found a transporter.
 14430 | Gauntlet | Found a transporter.
 14430 | Gauntlet | Found a transporter.
 14434 | Gauntlet | Found a transporter.
 14434 | Gauntlet | Found a transporter.
 14454 | Gauntlet | Noticed a death scarab
 14457 | Gauntlet | Noticed a spectral death yak
 14458 | Gauntlet | Found a runed translucent gate.
 14459 | Gauntlet | Identified the ring "Ymaoc" {rElec rCorr Int-5 SInv Stlth+}
 14460 | Gauntlet | Found a transporter.
 14461 | Gauntlet | Found a runed translucent gate.
 14462 | Gauntlet | Found a runed translucent gate.
 14464 | Gauntlet | Found a transporter.
 14466 | Gauntlet | Noticed an elephant
 14466 | Gauntlet | Noticed a dire elephant
 14473 | Gauntlet | Found a transporter.
 14487 | Gauntlet | Identified the ring of Arrival {rElec rN+}
 14489 | Gauntlet | Found a transporter.
 14495 | Gauntlet | Noticed an entropy weaver
 14499 | Gauntlet | Noticed a wolf spider
 14503 | Gauntlet | Found a transporter.
 14507 | Gauntlet | Found a transporter.
 14507 | Gauntlet | Noticed a sixfirhy
 14735 | Gauntlet | Reached skill level 1 in Dodging
 14821 | Gauntlet | Killed a sixfirhy
 14930 | Gauntlet | Killed an elephant
 14931 | Gauntlet | Reached XP level 12. HP: 99/101 MP: 23/24
 14940 | Gauntlet | Killed a dire elephant
 15136 | Gauntlet | Noticed a minotaur
 15139 | Gauntlet | Identified the +2 robe "Buyqosax" {rN+}
 15149 | Gauntlet | Slain by a minotaur

Illustrated notes

Levels and vault maps discovered:
D:1:      dpeg_arrival_tiny_d, layout_basic,
          hellmonk_ecumenical_altar_slurped_away, minmay_fountain_box
D:2:      layout_basic
D:3:      layout_loops_cross, evilmike_ruin_ashenzari,
          mainiacjoe_overflow_catwalk, minmay_three_crescents
D:4:      layout_basic, nicolae_ru_the_path_less_chosen, minmay_misc_feat_x,
          uniq_grinder, uniq_edmund, uniq_natasha
D:5:      layout_basic, kennysheep_slug_shrine, serial_shops,
          nicolae_shop_behind_doors, minmay_misc_feat_hallway
D:6:      layout_layer_cave, amcnicky_altar_gilded, gammafunk_ghost_grave,
          grunt_ministairs_13, chequers_serial_rivers_room_b
D:7:      layout_rooms, temple_hall, hangedman_decor_diamond_cutter,
          uniq_menkaure
D:8:      layout_rooms, old_standard_altar, nicolae_tso_besieged_by_evil,
          dk_xom_monty_hall, lemuel_round_altar, minitemple
D:9:      layout_irregular_city, mainiacjoe_overflow_boulevard, bloody_makhleb,
          grunt_lair_entry_orc_guard_hut, ebering_ghost_reflecting_pool,
          roderic_lattice_a, minivault_10, kennysheep_diamond
D:10:     layout_rooms, serial_shops, nicolae_shop_crystal, minivault_14
D:11:     layout_cave_pools, david_orc_1_choice, serial_co_window_serial,
          co_window_paths_a, co_window_of_opportunity_a,
          co_window_of_opportunity_a, co_window_corner_a, co_window_corner_a,
          co_window_corner_a, co_window_paths_b, co_window_paths_b,
          co_window_paths_b, co_window_cross_3, co_window_broadway_a,
          co_window_broadway_a, co_window_paths_d
Lair:1:   layout_long_grid, gammafunk_ghost_abyssal_escape,
          gauntlet_entry_generic
Gauntlet: minmay_gauntlet_77_indecision
          [minmay_gauntlet_arena_77_terracotta_army,
          minmay_gauntlet_arena_77_block_sizes,
          minmay_gauntlet_arena_77_run_for_it,
          minmay_gauntlet_arena_77_p_blocks, minmay_gauntlet_arena_77_fan,
          minmay_gauntlet_arena_77_two_lines, dreamdust_gauntlet_exit_labyrinth]

Skill      XL: |  1  2  3  4  5  6  7  8  9 10 11 |
---------------+----------------------------------+-----
Stealth        | 1 2 3 4 |  4.0
Conjurations   | 1 2 3 5 6 7 |  7.9
Earth Magic    | 4 5 6 7 8 |  8.6
Fighting       | 2 3 4 6 8 9 |  9.9
Armour         | 2 3 |  3.4
Transmutations | 2 5 6 |  6.5
Spellcasting   | 4 6 |  6.1
Dodging        | 2 |  2.4
Short Blades   | |  1.0
Evocations     | |  3.0

Action                     |  1- 3 |  4- 6 |  7- 9 | 10-12 || total
---------------------------+-------+-------+-------+-------++-------
  Melee: Short sword       |     9 |       |    33 |    17 ||    59
         Punch             |       |       |     1 |       ||     1
   Cast: Sandblast         |    52 |    93 |    46 |    10 ||   201
         Stone Arrow       |       |       |   109 |   135 ||   244
         Lee's Rapid Decon |       |       |       |    26 ||    26
 Invoke: Curse Item        |       |     2 |     4 |     2 ||     8
         Shatter the Chain |       |       |       |     1 ||     1
  Evoke: Wand              |       |     1 |     1 |     4 ||     6
    Use: Scroll            |     3 |     6 |     1 |     3 ||    13
         Potion            |       |       |       |     2 ||     2
   Stab: Sleeping          |     1 |       |     2 |     2 ||     5
         Invisible         |       |       |       |     4 ||     4
 Armour: Robe              |     2 |     1 |       |       ||     3
         Ring mail         |       |    11 |    55 |    42 ||   108
  Dodge: Dodged            |    12 |    46 |   107 |    90 ||   255

Table legend: (Time is in decaauts)
 A = Elapsed time spent in this place.
 B = Non-inter-level travel time spent in this place.
 C = Inter-level travel time spent in this place.
 D = Time resting spent in this place.
 E = Time spent auto-exploring this place.
 F = Levels seen in this place.
 G = Mean time per level.
                   A        B        C        D        E       F      G
               +--------+--------+--------+--------+--------+-----+--------+
         Total |  15261 |  14886 |    375 |   1408 |  11595 |  13 | 1173.9 |
       Dungeon |  14258 |  13883 |    375 |   1408 |  10801 |  11 | 1296.2 |
          Lair |    203 |    203 |      0 |      0 |     98 |   1 |  203.0 |
      Gauntlet |    799 |    799 |      0 |      0 |    695 |   1 |  799.0 |
               +--------+--------+--------+--------+--------+-----+--------+

Top non-repeatable levels by time:
     D:6: 1890 daAuts
     D:9: 1791 daAuts
     D:5: 1383 daAuts
     D:4: 1322 daAuts
    D:10: 1306 daAuts
    D:11: 1219 daAuts
     D:1: 1190 daAuts
     D:8: 1135 daAuts
     D:3: 1119 daAuts
     D:2: 1001 daAuts
     D:7: 898 daAuts
Gauntlet: 799 daAuts
  Lair:1: 203 daAuts
